 Dungeon Crawl Stone Soup version 0.30.1-3-gfc49f6343a (webtiles) character file.

Game seed: 896706469572337086

86 H0rd4k the Charlatan (level 4, -2/33 HPs)
             Began as a Human Artificer on July 20, 2023.
             Killed from afar by an orc wizard (12 damage)
             ... with a puff of flame
             ... on level 3 of the Dungeon.
             The game lasted 00:02:27 (2674 turns).

H0rd4k the Charlatan (Human Artificer)              Turns: 2674, Time: 00:02:27

Health: -2/33      AC:  4    Str: 12    XL:     4   Next: 78%
Magic:  4/4        EV: 12    Int: 13    God:
Gold:   141        SH:  0    Dex: 14    Spells: 3/3 levels left

rFire   . . .        t - +1 whip (holy)
rCold   . . .        (no shield)
rNeg    + . .        r - +2 robe {rN+}
rPois   .            (no helmet)
rElec   .            (no cloak)
rCorr   .            (no gloves)
SInv    .            (no boots)
Will    .....        h - amulet of magic regeneration
Stlth   +            j - ring of flight
HPRegen 0.25/turn    (no ring)
MPRegen 0.49/turn

%: no passive effects
@: confused, flying
A: no striking features
a: no special abilities


You were on level 3 of the Dungeon.
You visited 1 branch of the dungeon, and saw 3 of its levels.

You collected 141 gold pieces.

Inventory:

Hand Weapons
 a - a +1 mace of holy wrath
 t - a +1 whip of holy wrath (weapon)
Armour
 r - a +2 robe of positive energy (worn)
Magical Staves
 m - a staff of cold
Jewellery
 h - an amulet of magic regeneration (around neck)
 j - a ring of flight (left hand)
 u - a +6 ring of intelligence
Wands
 c - a wand of flame (39) (quivered)
 d - a wand of charming (11)
 e - a wand of iceblast (5)
Scrolls
 g - 2 scrolls of enchant weapon {unknown}
 k - a scroll of poison {unknown}
 n - a scroll of amnesia {unknown}
 o - a scroll of torment {unknown}
 p - 2 scrolls of identify {unknown}
 q - 3 scrolls of magic mapping {unknown}
 v - a scroll of butterflies {unknown}
Potions
 b - a potion of degeneration {unknown}
 f - a potion of lignification {unknown}
 i - 2 potions of flight {unknown}
 l - a potion of might {unknown}
 s - 2 potions of curing {unknown}


   Skills:
 + Level 1.7 Fighting
 + Level 2.0 Maces & Flails
 - Level 2.0 Armour
 + Level 1.5 Dodging
 + Level 1.8 Stealth
 + Level 3.7 Evocations


You had 3 spell levels left.
You didn't know any spells.
Your spell library contained the following spells:

 Spells                   Type           Power      Damage    Failure   Level
 Apportation              Tloc           0%         N/A       30%         1
 Necrotise                Necr           0%         1d4       30%         1
 Sandblast                Erth           0%         2d4       30%         1
 Summon Small Mammal      Summ           0%         N/A       30%         1
 Passwall                 Tmut/Erth      0%         N/A       43%         2
 Stone Arrow              Conj/Erth      0%         3d7       67%         3


Dungeon Overview and Level Annotations

Branches:
Dungeon (3/15)

Altars:


Message History

The orc wizard hits you but does no damage.
The orc wizard attacks as you move away!
The orc wizard closely misses you.
You bump into the rock wall.
The orc wizard hits you with a +0 dagger.
You bump into the rock wall.
The orc wizard hits you but does no damage.
You bump into the rock wall.
The orc wizard hits you but does no damage.
You bump into the rock wall.
The orc wizard hits you but does no damage.
You closely miss the orc wizard.
The orc wizard is severely wounded.
The orc wizard hits you with a +0 dagger.
You bump into the rock wall.
The orc wizard hits you but does no damage.
You bump into the rock wall.
The orc wizard casts a spell.
The orc wizard flickers and vanishes!
Deactivating autopickup; reactivate with Ctrl-A.
You bump into the rock wall.
You feel less confused. Something hits you.
You miss something.
You hear some strange, mumbled words.
A puff of flame appears from out of thin air!
The puff of flame misses you.
You miss something. Something hits you.
You miss something. Something hits you.
You completely miss something. Your punch misses something. Something hits you.
You hit something but do no damage. Something hits you.
* * * LOW HITPOINT WARNING * * *
You closely miss something.
You hear some strange, mumbled words.
You are confused.
You barely miss something.
You hear some strange, mumbled words.
A puff of flame appears from out of thin air!
The puff of flame hits you!
You die...

####..........#.# # #####
#..........####.### ....#
###.########.# #...# ....#
#....#.......# ###[# ....#
#.#........#.# #.# #####
#.##.#.###.#.# #.# #####
#.##.#..)....# #.. ....#
#.##.#.###.########## ###.#
#.##@#.# #.#......# # ..#.#
#.##{#####.#.###..### ..#.#
#.##.....))#.#....#.. ).#.#
#.##.#######.#....#.# ..#.#
#.##.......#.#......< ....####
#.##.#####.#......... .......#
#.##......†.......... ....##.#
#.##..............#..
.#..##.######.###......#####..#..


There were no monsters in sight!

Vanquished Creatures
  Jessica (D:2)
  3 dart slugs
  An orc (D:3)
  5 endoplasms
  2 giant cockroaches
  7 goblins
  4 hobgoblins
  4 quokkas
  3 ball pythons
  2 bats
  2 frilled lizards
  5 kobolds
  6 rats
45 creatures vanquished.

Vanquished Creatures (collateral kills)
  2 orcs (D:3)
2 creatures vanquished.

Vanquished Creatures (others)
  A bat (D:2)
  An endoplasm (D:2)
  A quokka (D:2)
3 creatures vanquished.

Grand Total: 50 creatures vanquished

Notes
Turn   | Place    | Note
-------+----------+-------------------------------------------
     0 | D:1      | H0rd4k the Human Artificer began the quest for the Orb.
     0 | D:1      | Reached XP level 1. HP: 15/15 MP: 1/1
   305 | D:1      | Reached XP level 2. HP: 15/21 MP: 2/2
   662 | D:1      | You fall into a shaft and drop 1 floor!
   754 | D:2      | Reached XP level 3. HP: 24/26 MP: 3/3
   763 | D:2      | Reached skill level 1 in Maces & Flails
  1461 | D:2      | Noticed Jessica
  1464 | D:2      | Killed Jessica
  1465 | D:2      | Reached XP level 4. HP: 32/32 MP: 4/4
  2674 | D:3      | Killed from afar by an orc wizard

Illustrated notes

Levels and vault maps discovered:
D:1:      giann_wishing_wells, layout_basic
D:2:      minmay_evil_eye, layout_basic, uniq_jessica
D:3:      layout_basic

Skill      XL: |  1  2  3  4 |
---------------+-------------+-----
Maces & Flails | 1 2 |  2.0
Fighting       | |  1.7
Armour         | |  2.0
Dodging        | |  1.5
Stealth        | |  1.8
Evocations     | |  3.7

Action                     |  1- 3 |  4- 6 || total
---------------------------+-------+-------++-------
  Melee: Club              |   124 |    39 ||   163
         Punch             |     2 |       ||     2
         Whip              |       |    33 ||    33
  Evoke: Wand              |     5 |     1 ||     6
   Stab: Sleeping          |     2 |     4 ||     6
 Armour: Leather armour    |    44 |     3 ||    47
         Robe              |       |    24 ||    24
  Dodge: Dodged            |    80 |    37 ||   117
